AoeStats
← Blazing Cartesia, The Virtuous

QS Arena

503555271Analyzed
1v1 RM · 1mo ago on Sep 1, 2026· 26m 4s· 2 players
Game mode
Random Map
Map size
Tiny (2 player)
Population
200
Speed
Normal
Resources
Standard
Victory
Conquest
Starting age
Dark Age
Ending age
Imperial Age
RankedLock teamsTeams togetherTeam positionsShared explorationLock speedFull tech treeHidden civsTurbo modeCheats
Victory
Defeat
🇭🇺 Burgundians · Hungary
1243
+15
1231
-15
Blazing Cartesia, The Virtuous
7:41 Loom
9:28 Feudal Age
8:50 Loom
13:13 Castle Age
11:43 Double-Bit Axe
12:14 Gold Mining
16:50 Fletching
24:20 Red Cliffs Tactics
CrampusParvus
2:34 Double-Bit Axe
5:18 Horse Collar
8:44 Feudal Age
9:40 Bow Saw
12:26 Loom
15:24 Castle Age
13:47 Gold Mining
15:35 Forging
16:49 Wheelbarrow
17:04 Heavy Plow
18:53 Stone Mining
20:14 Scale Barding Armor
21:36 Husbandry
23:57 Fletching
Connection lost

Rejoining the realm…

Still unreachable

The connection could not be restored.

Session expired

The server has moved on; the page needs a fresh start.